 Dungeon Crawl Stone Soup version 0.26-a0-812-g31a745ddcd (webtiles) character file.

Game seed: 7062456127943122880

811 kae the Conjurer (level 7, -3/48 HPs)
             Began as an Octopode Conjurer on Nov 24, 2020.
             Was an Initiate of Vehumet.
             Slain by Edmund
             ... wielding a +5 flail of protection
              (7 damage)
             ... on level 5 of the Dungeon.
             The game lasted 00:03:25 (6455 turns).

kae the Conjurer (Octopode Conjurer)                Turns: 6455, Time: 00:03:26

Health: -3/48      AC:  1    Str:  6    XL:     7   Next: 93%
Magic:  3/13       EV: 14    Int: 22    God:    Vehumet [......]
Gold:   383        SH:  0    Dex: 11    Spells: 8/14 levels left

rFire    . . .     SeeInvis .   f - +0 whip (freeze)
rCold    . . .     Faith    .   (no shield)
rNeg     . . .     Spirit   .   (helmet restricted)
rPois    .         Reflect  .   (no amulet)
rElec    .         Harm     .   (no ring)
rCorr    .         Rampage  .   (no ring)
MR       .....                  (no ring)
Stlth    ++++......             (no ring)
HPRegen  0.16/turn              (no ring)
MPRegen  0.13/turn              (no ring)
                                (no ring)
                                (no ring)

@: no status effects
A: almost no armour, stealthy swim, amphibious, 8 rings, constrict 8, camouflage
1, gelatinous body 1
a: Renounce Religion


You were on level 5 of the Dungeon.
You worshipped Vehumet.
Vehumet was noncommittal.
You visited 2 branches of the dungeon, and saw 6 of its levels.

You collected 383 gold pieces.

Inventory:

Hand Weapons
 f - a +0 whip of freezing (weapon)
Jewellery
 s - an uncursed amulet of magic regeneration {unknown}
 t - an uncursed ring of positive energy {unknown}
Wands
 u - a wand of flame (15)
Scrolls
 a - a scroll of remove curse
 d - 2 scrolls of noise {unknown}
 i - a scroll of fear
 l - a scroll of teleportation
 m - a scroll of random uselessness {unknown}
 r - a scroll of identify
Potions
 b - a potion of brilliance
 c - a potion of mutation
 e - 3 potions of lignification {unknown}
 g - 2 potions of invisibility {unknown}
 h - 2 potions of curing {unknown}
 j - a potion of heal wounds
 k - 3 potions of haste
 n - a potion of ambrosia
 o - a potion of flight
 p - a potion of attraction
 q - a potion of cancellation


   Skills:
 * Level 4.1 Fighting
 + Level 3.4 Dodging
 + Level 4.9 Stealth
 * Level 4.4 Spellcasting
 * Level 5.8 Conjurations


You had 8 spell levels left.
You knew the following spells:

 Your Spells              Type           Power        Failure   Level
a - Magic Dart            Conj           ####         1%          1
b - Searing Ray           Conj           ####..       1%          2
c - Dazzling Flash        Conj/Hex       ###...       10%         3

Your spell library contained the following spells:

 Spells                   Type           Power        Failure   Level
 Animate Skeleton         Necr           #.....       11%         1
 Pain                     Necr           #...         11%         1
 Iskenderun's Battlesphe  Conj           ####....     26%         5
 Vampiric Draining        Necr           #.........   32%         3
 Fulminant Prism          Conj/Hex       ###.......   32%         4
 Iskenderun's Mystic Bla  Conj/Tloc      ###.....     32%         4
 Animate Dead             Necr           #.........   71%         4
 Bolt of Magma            Conj/Fire/Erth ##........   80%         5
 Agony                    Necr           #.......     96%         5
 Iron Shot                Conj/Erth      ###.......   99%         6
 Orb of Destruction       Conj           ####......   100%        7
 Spellforged Servitor     Conj/Summ      ###.......   100%        7


Dungeon Overview and Level Annotations

Branches:
Dungeon (5/15)             Temple (1/1) D:4

Altars:
Ashenzari
Cheibriados
Dithmenos
Elyvilon
Fedhas
Gozag
Hepliaklqana
Kikubaaqudgha
Makhleb
Nemelex Xobeh
Okawaru
Qazlal
Ru
Sif Muna
Trog
Uskayaw
Vehumet
Wu Jian
Xom
Yredelemnul
Zin
The Shining One

Annotations:
D:5 Edmund


Innate Abilities, Weirdness & Mutations

You cannot wear most types of armour.
You are very stealthy in the water. (Stealth+)
You are amphibious.
You can wear up to eight rings at the same time.
You can use your tentacles to constrict eight enemies at once.
Your skin changes colour to match your surroundings (Stealth+).
Your rubbery body absorbs attacks. (AC +1, EV +1)


Message History

Press: ? - help, Shift-Dir - straight line, f/p - Edmund
Aim: Edmund, wielding a +5 flail of protection and wearing a +0 chain mail (moderately wounded)
The searing ray misses Edmund. (Press . to maintain the ray.) Edmund hits you with a +5 flail of protection!
The searing ray hits Edmund!
Edmund is heavily wounded.
Edmund hits you with a +5 flail of protection!
The searing ray hits Edmund!
Edmund is severely wounded.
Edmund hits you with a +5 flail of protection!
* * * LOW HITPOINT WARNING * * *
The searing ray hits Edmund.
Edmund is severely wounded.
You finish channeling your searing ray.
Edmund grinds his teeth, and then sighs.
Edmund hits you with a +5 flail of protection!
* * * LOW HITPOINT WARNING * * *
Edmund hits you with a +5 flail of protection!
You die...

*,,,***#....[......#
****######
*,,,>.(...###)####.#
**,,*###*** #.# *,*
***** *,,* #)# *,*
*,,,* *,,* #.# *,*
*,,,* ## *,,* #.#
*,* *,,,* #) *,,*
#.# *,* **+** **
*,,* #.###*,* **,*
*,,* #.@.#*,* *,**
** *,,*
*****###@#*** **,*
*. *,,** *,,,,,,...#
*,** ## *,,,*
*,****##..# **,** **
**,,* *,* #..#
*,,,** *, *,,* *,*
#..#** *,,,,* **
*,,* *,* #...,*
*,,,,* **
*,,***,*****#...,*
**,,** *,
*,,,,,,,,,,,,,,,**
*,,,,* **


You could see Edmund.

Vanquished Creatures
  An ice beast (D:5)
  An ogre (D:4)
  A centaur (D:5)
  A scorpion (D:5)
  2 hounds
  An orc priest (D:3)
  A jelly (D:5)
  Jessica (D:3)
  A centaur skeleton (D:5)
  4 iguanas
  A worker ant (D:4)
  A hound skeleton (D:4)
  A worker ant zombie (D:5)
  9 adders
  An ooze (D:2)
  6 worms
  2 dart slugs (D:1)
  3 leopard geckos
  8 orcs
  8 bats
  4 giant cockroaches
  3 goblins
  4 hobgoblins
  6 jackals
  7 kobolds
  A quokka (D:4)
  A ball python (D:1)
  3 frilled lizards
  A jackal skeleton (D:5)
  A quokka zombie (D:5)
  8 rats
93 creatures vanquished.

Notes
Turn   | Place    | Note
-------+----------+-------------------------------------------
     0 | D:1      | kae the Octopode Conjurer began the quest for the Orb.
     0 | D:1      | Reached XP level 1. HP: 11/11 MP: 3/3
     3 | D:1      | Noticed an electric eel
     3 | D:1      | Noticed an electric eel
   184 | D:1      | Reached XP level 2. HP: 16/18 MP: 1/5
   617 | D:1      | Reached skill level 1 in Fighting
   804 | D:1      | Reached XP level 3. HP: 23/23 MP: 2/6
  1189 | D:2      | Found a broken altar of Ashenzari.
  1608 | D:2      | Found a sacrificial altar of Ru.
  1649 | D:2      | Reached XP level 4. HP: 17/29 MP: 0/7
  2349 | D:3      | Learned a level 2 spell: Searing Ray
  2430 | D:3      | Learned a level 3 spell: Dazzling Flash
  2454 | D:3      | Found a basalt altar of Yredelemnul.
  2556 | D:3      | Noticed Jessica
  2563 | D:3      | Killed Jessica
  2739 | D:3      | Reached XP level 5. HP: 34/34 MP: 4/9
  3725 | D:4      | Found a blossoming altar of Fedhas.
  3909 | D:4      | Found a staircase to the Ecumenical Temple.
  3939 | D:4      | Reached XP level 6. HP: 29/41 MP: 2/11
  4142 | D:4      | Reached skill level 5 in Conjurations
  4148 | Temple   | Entered the Ecumenical Temple
  4387 | Temple   | Became a worshipper of Vehumet
  5179 | D:5      | Entered Level 5 of the Dungeon
  5198 | D:5      | Reached XP level 7. HP: 46/46 MP: 4/12
  5481 | D:5      | Found an opulent altar of Gozag.
  6444 | D:5      | Noticed Edmund
  6455 | D:5      | Slain by Edmund

Illustrated notes

Levels and vault maps discovered:
D:1:      arrival_aquarium_b, layout_basic
D:2:      layout_loops_ring, nicolae_ru_the_path_less_chosen,
          evilmike_ruin_ashenzari
D:3:      layout_loops_ring, minivault_4, roderic_lattice_a, lemuel_tele_altar,
          uniq_jessica
D:4:      layout_basic, fedhas_altar_3, minmay_temple_entry_statues
D:5:      layout_loops_ring, lemuel_round_altar, minivault_27, led_sif_book,
          uniq_edmund, uniq_crazy_yiuf_cottage, uniq_duvessa
Temple:   dpeg_five_rooms_temple

Skill      XL: |  1  2  3  4  5  6  7 |
---------------+----------------------+-----
Fighting       | 1 2 3 4 |  4.1
Stealth        | 3 4 |  4.9
Spellcasting   | 3 4 |  4.4
Conjurations   | 5 |  5.8
Dodging        | 3 |  3.4

Action                   |  1- 3 |  4- 6 |  7- 9 || total
-------------------------+-------+-------+-------++-------
Melee: Unarmed           |    17 |       |       ||    17
       Constrict         |     5 |    13 |     4 ||    22
       Tentacles         |     2 |     9 |     6 ||    17
       Whip              |     5 |    54 |    26 ||    85
 Cast: Magic Dart        |    58 |    70 |    21 ||   149
       Searing Ray       |       |     6 |    10 ||    16
  Use: Scroll            |       |     4 |     9 ||    13
 Stab: Sleeping          |     1 |     1 |       ||     2
Armor: Skin              |     2 |     1 |     1 ||     4
Dodge: Dodged            |    15 |    47 |    30 ||    92

Table legend: (Time is in decaauts)
 A = Elapsed time spent in this place.
 B = Non-inter-level travel time spent in this place.
 C = Inter-level travel time spent in this place.
 D = Time resting spent in this place.
 E = Time spent auto-exploring this place.
 F = Levels seen in this place.
 G = Mean time per level.
                   A        B        C        D        E       F      G
               +--------+--------+--------+--------+--------+-----+--------+
         Total |   6463 |   6205 |    258 |    366 |   5251 |   6 | 1077.2 |
       Dungeon |   6172 |   5998 |    174 |    366 |   5047 |   5 | 1234.4 |
        Temple |    290 |    206 |     84 |      0 |    204 |   1 |  290.0 |
               +--------+--------+--------+--------+--------+-----+--------+

Top non-repeatable levels by time:
     D:3: 1375 daAuts
     D:5: 1276 daAuts
     D:2: 1257 daAuts
     D:4: 1218 daAuts
     D:1: 1044 daAuts
  Temple: 290 daAuts
